 Dungeon Crawl Stone Soup version 0.30-b1-2-g02819fbbbe (webtiles) character file.

Game seed: 554856858764165163

53 Kimikox the Grave Robber (level 4, -13/32 HPs)
             Began as a Human Wanderer on Sept 29, 2023.
             Mangled by Crazy Yiuf
             ... wielding a +4 quarterstaff of chaos
              (15 damage)
             ... on level 2 of the Dungeon.
             The game lasted 00:13:37 (1240 turns).

Kimikox the Grave Robber (Human Wanderer)           Turns: 1240, Time: 00:13:38

Health: -13/32     AC:  5    Str: 15    XL:     4   Next: 10%
Magic:  0/5        EV: 10    Int: 13    God:
Gold:   33         SH:  0    Dex: 11    Spells: 4/5 levels left

rFire   . . .        h - +4 spear
rCold   . . .        (no shield)
rNeg    . . .        c - +0 ring mail
rPois   .            (no helmet)
rElec   .            (no cloak)
rCorr   .            (no gloves)
SInv    .            (no boots)
Will    .....        (no amulet)
Stlth   +            (no ring)
HPRegen 0.25/turn    (no ring)
MPRegen 0.09/turn

%: no passive effects
@: slowed, very slow
A: no striking features
a: no special abilities


You were on level 2 of the Dungeon.
You visited 1 branch of the dungeon, and saw 3 of its levels.

You collected 33 gold pieces.

Inventory:

Hand Weapons
 a - a +2 dagger
 f - a +3 dagger
 h - a +4 spear (weapon)
Missiles
 b - a curare-tipped dart (quivered)
 d - 6 poisoned darts
Armour
 c - a +0 ring mail (worn)
Scrolls
 g - a scroll of identify {unknown}
 i - 4 scrolls of fog {unknown}
 j - 2 scrolls of teleportation {unknown}
 k - a scroll of butterflies {unknown}
 n - a scroll of fear {unknown}
 o - a scroll of torment {unknown}
 p - a scroll of poison {unknown}
Potions
 e - a potion of degeneration {unknown}
 l - a potion of lignification {unknown}
 m - a potion of mutation {unknown}
 q - a potion of attraction {unknown}


   Skills:
 + Level 1.1 Fighting
 + Level 0.7 Short Blades
 + Level 1.3 Polearms
 + Level 2.0 Throwing
 + Level 1.9 Armour
 + Level 1.6 Dodging
 + Level 1.0 Spellcasting
 + Level 3.3 Necromancy
 + Level 1.0 Evocations


You had 4 spell levels left.
You knew the following spells:

 Your Spells              Type           Power      Damage    Failure   Level
a - Necrotise             Necr           36%        1d5       14%         1

Your spell library contained the following spells:

 Spells                   Type           Power      Damage    Failure   Level
 Vampiric Draining        Necr           9%         2d6       38%         3
 Foxfire                  Conj/Fire      0%         2x1d4     47%         1


Dungeon Overview and Level Annotations

Branches:
Dungeon (3/15)

Altars:

Annotations:
D:2 Crazy Yiuf


Message History

j - 2 scrolls labelled EXKOHE ADUTHRA (gained 1)
You open the door.
A bat comes into view.
The bat hits you but does no damage. x2
There is an open door here.
You hit the bat but do no damage. The bat hits you but does no damage.
The bat closely misses you. The bat hits you but does no damage.
You hit the bat.
You kill the bat!
Found a hammer.
Found a runed translucent door.
Crazy Yiuf shouts!
Crazy Yiuf yells, "Tonal hand hand!"
You open the door. You hit Crazy Yiuf but do no damage.
Crazy Yiuf closely misses you.
You closely miss Crazy Yiuf.
Crazy Yiuf hits you with a +4 quarterstaff of chaos.
You feel your power leaking away.
You barely miss Crazy Yiuf.
Crazy Yiuf hits you with a +4 quarterstaff of chaos!
You feel yourself slow down.
You hit Crazy Yiuf but do no damage. Crazy Yiuf misses you.
Crazy Yiuf barely misses you.
You puncture Crazy Yiuf!
Crazy Yiuf is moderately wounded.
Crazy Yiuf hits you with a +4 quarterstaff of chaos.
You barely miss Crazy Yiuf. You punch Crazy Yiuf, but do no damage.
Crazy Yiuf is moderately wounded.
Crazy Yiuf hits you with a +4 quarterstaff of chaos!
* * * LOW HITPOINT WARNING * * *
You feel your power leaking away. Crazy Yiuf barely misses you.
You puncture Crazy Yiuf!
Crazy Yiuf is severely wounded.
Crazy Yiuf says, "Ice tea ena!"
Crazy Yiuf hits you with a +4 quarterstaff of chaos.
* * * LOW HITPOINT WARNING * * *
You closely miss Crazy Yiuf.
Crazy Yiuf is severely wounded.
Crazy Yiuf hits you with a +4 quarterstaff of chaos!
You die...

#....####
##..##
#....#
##...#
##.##
##.# #.##
##.# #@##
#g# ...
#...#
#)..#
#####


You could see Crazy Yiuf.

Vanquished Creatures
  An adder (D:2)
  A dart slug (D:3)
  6 bats
  An endoplasm (D:3)
  A giant cockroach (D:3)
  7 goblins
  A hobgoblin (D:2)
  6 quokkas
  6 ball pythons
  2 frilled lizards (D:1)
  3 kobolds (D:1)
  4 rats
39 creatures vanquished.

Vanquished Creatures (others)
  3 fungi (D:1)
  A plant (D:1)
4 creatures vanquished.

Grand Total: 43 creatures vanquished

Notes
Turn   | Place    | Note
-------+----------+-------------------------------------------
     0 | D:1      | Kimikox the Human Wanderer began the quest for the Orb.
     0 | D:1      | Kimikox set off with the following items: a +2 dagger, a
                  | curare-tipped dart, a +0 ring mail, a potion of curing; and
                  | the following spell memorised: Necrotise; and the following
                  | spells available to memorise: Vampiric Draining.
     0 | D:1      | Reached XP level 1. HP: 15/15 MP: 2/2
    48 | D:1      | Found a faded altar of an unknown god.
    56 | D:1      | Got Plato's Omnibus of the Pyromaniac
   188 | D:1      | Reached XP level 2. HP: 3/21 MP: 3/3
   659 | D:1      | Reached XP level 3. HP: 20/26 MP: 4/4
  1152 | D:2      | Reached skill level 1 in Polearms
  1152 | D:2      | Reached XP level 4. HP: 18/32 MP: 5/5
  1195 | D:1      | You fall into a shaft and drop 1 floor!
  1228 | D:2      | Found a runed translucent door.
  1229 | D:2      | Noticed Crazy Yiuf
  1240 | D:2      | Mangled by Crazy Yiuf

Illustrated notes

Levels and vault maps discovered:
D:1:      wander_arrival_abandoned_jail, layout_basic,
          shapermc_ecumenical_altar_rom_forum
D:2:      layout_basic, reono_crystal_passage, chequers_garden,
          uniq_crazy_yiuf_cottage, uniq_sigmund
D:3:      layout_basic, marbit_many_paths

Skill      XL: |  1  2  3 |
---------------+----------+-----
Polearms       | 1 |  1.3
Fighting       | |  1.1
Short Blades   | |  0.7
Throwing       | |  2.0
Armour         | |  1.9
Dodging        | |  1.6
Spellcasting   | |  1.0
Necromancy     | |  3.3
Evocations     | |  1.0

Action                     |  1- 3 |  4- 6 || total
---------------------------+-------+-------++-------
  Melee: Dagger            |    64 |       ||    64
         Spear             |    70 |    10 ||    80
         Punch             |       |     1 ||     1
    Use: Potion            |     1 |       ||     1
 Armour: Ring mail         |    70 |     4 ||    74
  Dodge: Dodged            |   102 |     5 ||   107
